 Dungeon Crawl Stone Soup version 0.26.0-16-gc1dbca0489 (webtiles) character file.

Game seed: 4098817397457777521

1669 runemasterragnar the Skirmisher (level 9, -3/93 HPs)
             Began as an Ogre Arcane Marksman on Jan 21, 2021.
             Slain by a black bear (11 damage)
             ... on level 7 of the Dungeon.
             The game lasted 00:15:46 (9691 turns).

runemasterragnar the Skirmisher (OgAM)              Turns: 9691, Time: 00:15:47

Health: -3/93      AC:  4    Str: 18    XL:     9   Next: 1%
Magic:  15/15      EV: 11    Int: 14    God:
Gold:   422        SH:  0    Dex: 12    Spells: 7/16 levels left

rFire    . . .     SeeInvis .   l - +0 flail
rCold    . . .     Faith    .   (no shield)
rNeg     . . .     Spirit   .   a - +1 robe
rPois    +         Reflect  .   (helmet restricted)
rElec    .         Harm     .   (no cloak)
rCorr    .         Rampage  .   (gloves unavailable)
Will     .....     Rnd*Tele +   (boots unavailable)
Stlth    +.........             (no amulet)
HPRegen  0.25/turn              j - ring of poison resistance
MPRegen  0.14/turn              (no ring)

@: no status effects
A: large, unfitting armour, strong 1, teleportitis 1, tough skin 1
a: no special abilities


You were on level 7 of the Dungeon.
You visited 2 branches of the dungeon, and saw 8 of its levels.

You collected 422 gold pieces.

Inventory:

Hand Weapons
 f - a +0 hunting sling
 l - a +0 flail (weapon)
Missiles
 d - a throwing net
 h - 5 large rocks
 n - 28 poisoned darts (quivered)
Armour
 a - a +1 robe (worn)
Jewellery
 j - a ring of poison resistance (left hand)
Wands
 c - a wand of flame (20)
 r - a wand of random effects (10)
Scrolls
 b - 5 scrolls of enchant armour
 e - 7 scrolls of teleportation
 g - 4 scrolls of remove curse
 i - 3 scrolls of blinking
 m - a scroll of fog {unknown}
 s - 2 scrolls of fear {unknown}
Potions
 k - 2 potions of heal wounds
 o - 3 potions of might
 q - a potion of resistance
 t - a potion of flight


   Skills:
 * Level 7.6 Fighting
 + Level 4.3 Throwing
 + Level 4.0 Dodging
 + Level 4.4 Spellcasting
 - Level 5.0 Hexes
 * Level 3.9 Translocations


You had 7 spell levels left.
You knew the following spells:

 Your Spells              Type           Power        Failure   Level
a - Corona                Hex            18%          2%          1
b - Slow                  Hex            17%          3%          2
c - Portal Projectile     Hex/Tloc       30%          9%          3
d - Blink                 Tloc           N/A          5%          2
e - Apportation           Tloc           28%          3%          1

Your spell library contained the following spells:

 Spells                   Type           Power        Failure   Level
 Animate Skeleton         Necr           6%           19%         1
 Magic Dart               Conj           12%          19%         1
 Summon Small Mammal      Summ           12%          19%         1
 Inner Flame              Hex/Fire       10%          21%         3
 Cause Fear               Hex            8%           24%         4
 Call Imp                 Summ           3%           28%         2
 Conjure Flame            Conj/Fire      3%           50%         3
 Mephitic Cloud           Conj/Pois/Air  3%           50%         3
 Leda's Liquefaction      Hex/Erth       5%           54%         4


Dungeon Overview and Level Annotations

Branches:
Dungeon (7/15)             Temple (1/1) D:4

Altars:
Ashenzari
Cheibriados
Elyvilon
Gozag
Hepliaklqana
Kikubaaqudgha
Makhleb
Nemelex Xobeh
Qazlal
Ru
Sif Muna
Trog
Uskayaw
Wu Jian
Xom
Yredelemnul
Zin
The Shining One

Shops:
D:5 }*


Innate Abilities, Weirdness & Mutations

You are too large for most types of armour.
You have tough skin. (AC +1)
Your muscles are strong. (Str +2)
You are occasionally teleported next to monsters.


Message History

You are too injured to fight recklessly!
You hit the black bear.
The black bear is almost dead.
The black bear bites you! The black bear claws you.
* * * LOW HITPOINT WARNING * * *
The black bear claws you.
* * * LOW HITPOINT WARNING * * *
The black bear bites you!
* * * LOW HITPOINT WARNING * * *
The black bear barely misses you. The black bear claws you.
* * * LOW HITPOINT WARNING * * *
Unknown command.
Evoke which item? (* to show all) (? for menu, Esc to quit)
Okay, then.
Okay, then.
You hit the black bear.
The black bear is almost dead.
The black bear completely misses you. The black bear closely misses you. x2
The black bear bites you!
You die...

..........#
...........#
#.#........#
#.#........
#.#.#......# ..
#.#........# ...
#.#.#......###.
.....##.#.#..........
....#.....h@.####.....
.................>####
....................
#.....#...#########
#................
#.........#.....#
#...............<
#.......###.....# .
#................


You could see a black bear (berserk).

Vanquished Creatures
  An ice beast (D:6)
  A sky beast (D:5)
  An ogre (D:4)
  A phantom (D:5)
  3 centaurs
  A bullfrog (D:6)
  A scorpion (D:6)
  A howler monkey (D:4)
  A centaur zombie (D:7)
  6 hounds
  A jelly (D:6)
  A bullfrog skeleton (D:6)
  A centaur skeleton (D:5)
  2 iguanas
  Terence (D:3)
  An orc wizard (D:3)
  4 worker ants
  2 hound skeletons
  A worker ant zombie (D:5)
  Robin (D:3)
  8 adders
  10 gnolls
  A shadow imp (D:6)
  A white imp (D:5)
  An ufetubus (D:6)
  4 worms
  4 leopard geckos
  8 orcs
  7 giant cockroaches
  13 goblins
  10 hobgoblins
  12 jackals
  6 quokkas
  4 bats
  4 frilled lizards
  2 kobolds
  9 rats
136 creatures vanquished.

Vanquished Creatures (others)
  An ice beast (D:5)
  A worker ant (D:5)
  An adder (D:5)
3 creatures vanquished.

Grand Total: 139 creatures vanquished

Notes
Turn   | Place    | Note
-------+----------+-------------------------------------------
     0 | D:1      | runemasterragnar the Ogre Arcane Marksman began the quest
                  | for the Orb.
     0 | D:1      | Reached XP level 1. HP: 19/19 MP: 2/2
   348 | D:1      | Reached skill level 2 in Fighting
   348 | D:1      | Reached XP level 2. HP: 28/28 MP: 2/4
  1148 | D:2      | Reached XP level 3. HP: 31/36 MP: 5/5
  1391 | D:2      | Reached skill level 3 in Fighting
  1561 | D:2      | Reached XP level 4. HP: 45/45 MP: 5/7
  1616 | D:2      | Learned a level 2 spell: Slow
  2606 | D:3      | Noticed Terence
  2626 | D:3      | Killed Terence
  2627 | D:3      | Reached XP level 5. HP: 35/54 MP: 8/8
  2631 | D:3      | Reached skill level 4 in Fighting
  2824 | D:3      | Noticed Robin
  2847 | D:3      | Killed Robin
  3683 | D:3      | Learned a level 3 spell: Portal Projectile
  3686 | D:3      | Learned a level 2 spell: Blink
  3879 | D:4      | Reached XP level 6. HP: 60/63 MP: 7/10
  4116 | D:4      | Learned a level 1 spell: Apportation
  4132 | D:4      | Found a burning altar of Makhleb.
  4143 | D:4      | Reached skill level 5 in Fighting
  4515 | D:4      | Found a staircase to the Ecumenical Temple.
  4573 | D:4      | Reached skill level 1 in Translocations
  4591 | Temple   | Entered the Ecumenical Temple
  5004 | D:4      | Reached XP level 7. HP: 62/72 MP: 11/11
  5898 | D:5      | Entered Level 5 of the Dungeon
  6207 | D:5      | Found an opulent altar of Gozag.
  6437 | D:5      | Reached skill level 6 in Fighting
  6703 | D:5      | Found Sibyw's Elemental Accessories.
  6755 | D:5      | Reached XP level 8. HP: 83/83 MP: 11/13
  7210 | D:5      | Gained mutation: You are occasionally teleported next to
                  | monsters. [potion of mutation]
  7210 | D:5      | Gained mutation: Your muscles are strong. (Str +2) [potion
                  | of mutation]
  8259 | D:5      | Found Imuenu's Gadget Emporium.
  8787 | D:6      | Reached skill level 7 in Fighting
  8787 | D:6      | Reached skill level 5 in Hexes
  9640 | D:7      | Reached XP level 9. HP: 92/93 MP: 15/15
  9691 | D:7      | Slain by a black bear

Illustrated notes

Levels and vault maps discovered:
D:1:      mrwooster_arrival_arrow, layout_basic
D:2:      layout_loops_ring, kennysheep_generic_room_14
D:3:      layout_loops_ring, uniq_terence, uniq_robin
D:4:      layout_layer_cave, temple_pool_b, makhleb_heckhound_becter
D:5:      layout_gridville, serial_shops, shop, basic_altar, kennysheep_diamond,
          nicolae_elemental_shop, st_stairs_5
D:6:      layout_basic
D:7:      layout_basic
Temple:   hc_temple_tempest_star

Skill      XL: |  1  2  3  4  5  6  7  8 |
---------------+-------------------------+-----
Fighting       | 2 3 4 5 6 7 |  7.6
Dodging        | 2 3 4 |  4.0
Spellcasting   | 2 3 4 |  4.4
Hexes          | 3 4 5 |  5.0
Throwing       | 3 4 |  4.3
Translocations | 1 2 3 |  3.9

Action                   |  1- 3 |  4- 6 |  7- 9 || total
-------------------------+-------+-------+-------++-------
Melee: Unarmed           |    11 |       |       ||    11
       Flail             |     3 |   176 |   206 ||   385
       Mace              |       |       |    12 ||    12
Throw: Large rock        |    40 |    17 |    19 ||    76
       Dart              |       |    72 |    26 ||    98
       Throwing net      |       |     1 |     1 ||     2
 Cast: Corona            |    33 |    34 |    19 ||    86
       Portal Projectile |       |       |     2 ||     2
       Blink             |       |       |     1 ||     1
Evoke: Wand              |       |       |     1 ||     1
  Use: Scroll            |       |     9 |     4 ||    13
       Potion            |       |       |     3 ||     3
 Stab: Sleeping          |       |       |     1 ||     1
Armor: Robe              |    22 |    73 |    67 ||   162
Dodge: Dodged            |    16 |   116 |   221 ||   353
